[Event "DSOL 2022"]
[Site "Germany"]
[Date "2022.03.11"]
[Round "4.3"]
[White "Kalabic, Faris"]
[Black "Lambert, Andreas"]
[Result "1-0"]
[ECO "B13"]
[WhiteElo "1824"]
[BlackElo "1534"]
[Annotator "NA"]
[PlyCount "61"]
[EventDate "2022.01.31"]
[EventType "team-tourn"]
[EventCountry "GER"]
[SourceTitle "playchess.com"]
[Source "ChessBase"]
[SourceQuality "1"]
[WhiteTeam "SK Zehlendorf I"]
[BlackTeam "SK Ludwigshafen"]
[TimeControl "2700+15"]

1. d4 d5 2. Nf3 Nf6 3. Bf4 c5 4. e3 Nc6 5. c3 cxd4 6. exd4 Bf5 7. Nbd2 e6 8. Qb3 Qc8 {8...Bd6 is the fancy move.} 9. Nh4 Bg4 10. h3 Bh5 11. Bd3 Be7 12. Nhf3 O-O 13. O-O {[#]} Bd8 $146 ({Predecessor:} 13... Bg6 14. Bxg6 hxg6 15. Rfe1 a6 16. Rad1 b5 17. Qc2 a5 18. Qd3 Qa6 19. Rc1 a4 {½-½ (36) Egorov,V (2334)-Boda,A (2108) LSS email 2014}) 14. Qc2 Bg6 15. Bxg6 hxg6 16. Rfe1 Bc7 17. Be5 Nxe5 18. dxe5 Nd7 19. Qd3 Re8 20. c4 Qb8 21. Qd4 Nb6 $2 {[#]} (21... Bb6 $11 22. Qh4 Qd8) 22. Ng5 $1 Nxc4 (22... Nd7 {was called for.}) 23. Nxc4 dxc4 $2 (23... Bd8 24. Nxf7 dxc4) 24. Qh4 Bxe5 {[#]} 25. Rad1 $18 Rd8 26. Rxd8+ Qxd8 27. Rxe5 Qd1+ 28. Kh2 Qd6 29. Qh7+ Kf8 30. Qh8+ Ke7 31. Qxg7 1-0

[Event "DSOL 2022"]
[Site "Germany"]
[Date "2022.03.11"]
[Round "4.3"]
[White "Schaefer, Konstantin"]
[Black "Faldum, Manfred"]
[Result "0-1"]
[ECO "B06"]
[WhiteElo "1799"]
[BlackElo "1617"]
[Annotator "NA"]
[PlyCount "150"]
[EventDate "2022.01.31"]
[EventType "team-tourn"]
[EventCountry "GER"]
[SourceTitle "playchess.com"]
[Source "ChessBase"]
[SourceQuality "1"]
[WhiteTeam "SG Leipzig"]
[BlackTeam "SF Heidesheim I"]
[TimeControl "2700+15"]

1. e4 g6 2. d4 Bg7 3. Bc4 c5 4. c3 Qb6 5. dxc5 Qxc5 6. Qb3 e6 7. Be3 Qa5 8. f4 Nf6 9. e5 Ng4 10. Bd4 Nc6 11. Nd2 d5 12. Be2 Nh6 13. Ngf3 O-O 14. O-O Nf5 15. Bf2 h5 16. Rfd1 Qc7 17. c4 Na5 18. Qc3 dxc4 19. Nxc4 Nxc4 20. Qxc4 Qxc4 21. Bxc4 b6 22. Nd4 Nxd4 23. Rxd4 Bb7 24. Rd7 Bc6 25. Rd6 Bb7 26. Rad1 Rfc8 27. b3 Bf8 28. R6d3 Be4 29. Rd4 Bc6 30. a4 Be7 31. g3 Kf8 32. Kf1 Bc5 33. R4d3 Bxf2 34. Kxf2 Bxa4 35. Bxe6 Rc2+ 36. R1d2 Rxd2+ 37. Rxd2 fxe6 38. bxa4 Ke7 39. Rc2 Rd8 40. Ke3 Kd7 41. h3 Rc8 42. Rd2+ Ke7 43. g4 Rc4 44. Rd4 Rc1 45. Rd3 Ra1 46. f5 exf5 47. gxf5 gxf5 48. Kf4 Rf1+ 49. Kg5 Ke6 50. Kxh5 Rg1 51. Rd8 Kxe5 52. Rd7 f4 53. Rxa7 f3 54. Rf7 Ke4 55. h4 Ke3 56. Re7+ Kd2 57. Rd7+ Ke2 58. Re7+ Kf1 59. Re6 f2 60. Rxb6 Rg8 61. Kh6 Kg2 62. Rf6 Ra8 63. Kg7 Ra5 64. Rg6+ Kh3 65. Rf6 Kg3 66. Rf8 Rh5 67. a5 Rxh4 68. a6 Ra4 69. Rf6 Ra1 70. Rg6+ Kf4 71. Rf6+ Ke3 72. Re6+ Kd4 73. Rf6 f1=Q 74. Rxf1 Rxf1 75. a7 Ra1 0-1

[Event "DSOL 2022"]
[Site "Germany"]
[Date "2022.03.11"]
[Round "4.3"]
[White "Schaefer, Sven"]
[Black "Schirrmacher, Carsten"]
[Result "0-1"]
[ECO "C55"]
[WhiteElo "1671"]
[BlackElo "1620"]
[Annotator "NA RC"]
[PlyCount "96"]
[EventDate "2022.01.31"]
[EventType "team-tourn"]
[EventCountry "GER"]
[SourceTitle "playchess.com"]
[Source "ChessBase"]
[SourceQuality "1"]
[WhiteTeam "SK Dessau I"]
[BlackTeam "SC Zitadelle Spandau"]
[TimeControl "2700+15"]

1. e4 e5 2. Nf3 Nc6 3. Bc4 Be7 4. O-O Nf6 5. d3 d6 6. a4 O-O 7. Re1 Kh8 8. a5 a6 9. c3 Ng8 10. d4 f5 11. dxe5 fxe4 12. Rxe4 Rxf3 13. gxf3 Nxe5 14. Bf4 Nxc4 15. Rxc4 Bd7 16. Re4 Bc6 17. Re1 Qd7 18. Nd2 Rf8 19. Bg3 h5 20. h4 Qh3 21. Re3 Bxh4 22. Qf1 Qxf1+ 23. Kxf1 Bg5 24. f4 Bd8 25. Nf3 Nh6 26. Ng5 Nf5 27. Ne6 Nxe3+ 28. fxe3 Re8 29. Nxd8 Rxd8 30. Kf2 Kh7 31. Bh4 Re8 32. Rg1 Be4 33. Rd1 Kg6 34. Rg1+ Kf7 35. Rg5 g6 36. Rg1 Ke6 37. Rd1 Rf8 38. Bg5 Rf7 39. Bh4 Rf5 40. Bd8 Kd7 41. Rd4 Bc6 42. Bg5 Rxa5 43. e4 Ra2 44. f5 gxf5 45. exf5 Rxb2+ 46. Kg3 Rb3 47. Rd3 Be4 48. Re3 Bxf5 0-1

[Event "DSOL 2022"]
[Site "Germany"]
[Date "2022.03.11"]
[Round "4.3"]
[White "Becker, Mathias"]
[Black "Schmidt, Peter"]
[Result "1-0"]
[ECO "C45"]
[WhiteElo "1620"]
[BlackElo "1475"]
[Annotator "NA RC"]
[PlyCount "77"]
[EventDate "2022.01.31"]
[EventType "team-tourn"]
[EventCountry "GER"]
[SourceTitle "playchess.com"]
[Source "ChessBase"]
[SourceQuality "1"]
[WhiteTeam "Chemnitzer SC Aufbau"]
[BlackTeam "Kieler SG II"]
[TimeControl "2700+15"]

1. e4 e5 2. Nf3 Nc6 3. d4 exd4 4. Nxd4 Bc5 5. Be3 Qf6 6. c3 Nge7 7. Bc4 b6 8. O-O Bb7 9. Nb5 O-O-O 10. Bxc5 bxc5 11. Nd2 a6 12. Na3 d5 13. exd5 Ne5 14. Ne4 Qg6 15. Nxc5 Nxd5 16. Qb3 Nb6 17. Nxb7 Nf3+ 18. Kh1 Nd2 19. Bxf7 Nxb3 20. Bxg6 Nxa1 21. Nxd8 Kxd8 22. Bd3 Na4 23. Rxa1 Rf8 24. f3 Nxb2 25. Bxa6 Rf6 26. Bf1 Rd6 27. Nc4 Nxc4 28. Bxc4 Rc6 29. Rd1+ Ke7 30. Rd4 h6 31. Kg1 Rb6 32. Kf2 Rb2+ 33. Kg3 Rc2 34. Rd3 g5 35. a4 h5 36. a5 Rc1 37. a6 Ra1 38. Rd2 Ra3 39. Ra2 1-0

[Event "DSOL 2022"]
[Site "Germany"]
[Date "2022.03.11"]
[Round "4.3"]
[White "Noetzel, Felix"]
[Black "Heerde, Thomas"]
[Result "1-0"]
[ECO "A27"]
[WhiteElo "1598"]
[BlackElo "1538"]
[Annotator "NA RC"]
[PlyCount "63"]
[EventDate "2022.01.31"]
[EventType "team-tourn"]
[EventCountry "GER"]
[SourceTitle "playchess.com"]
[Source "ChessBase"]
[SourceQuality "1"]
[WhiteTeam "SF Berlin I"]
[BlackTeam "SK Zehlendorf II"]
[TimeControl "2700+15"]

1. c4 e5 2. Nc3 Nc6 3. g3 f5 4. d3 Nf6 5. Nf3 Bc5 6. Bh3 d6 7. Nh4 Ng4 8. Bxg4 fxg4 9. Ne4 Bb4+ 10. Bd2 O-O 11. O-O Bxd2 12. Qxd2 Nd4 13. Ng2 a5 14. Ne3 a4 15. Nc2 Ne6 16. d4 exd4 17. Nxd4 Kh8 18. Rad1 Nxd4 19. Qxd4 Bf5 20. Nc3 Qe8 21. c5 dxc5 22. Qxc5 Ra6 23. Qxc7 a3 24. Qxb7 Bc8 25. Qb4 axb2 26. Qxb2 Rh6 27. Qb4 Rg8 28. Qe4 Qh5 29. Qg2 Bb7 30. e4 Qe5 31. Nd5 Ra8 32. Rd2 1-0

[Event "DSOL 2022"]
[Site "Germany"]
[Date "2022.03.11"]
[Round "4.3"]
[White "Heimann, Andreas"]
[Black "Dette, Jan"]
[Result "1/2-1/2"]
[ECO "B11"]
[WhiteElo "1580"]
[BlackElo "1725"]
[Annotator "NA RC"]
[PlyCount "95"]
[EventDate "2022.01.31"]
[EventType "team-tourn"]
[EventCountry "GER"]
[SourceTitle "playchess.com"]
[Source "ChessBase"]
[SourceQuality "1"]
[WhiteTeam "Deizisau I"]
[BlackTeam "SF Essen-Katernberg"]
[TimeControl "2700+15"]

1. e4 c6 2. Nc3 d5 3. Nf3 Bg4 4. h3 Bxf3 5. Qxf3 e6 6. Be2 Nd7 7. O-O Ngf6 8. d4 dxe4 9. Nxe4 Nxe4 10. Qxe4 Nf6 11. Qd3 Bd6 12. c4 O-O 13. Rd1 e5 14. Be3 e4 15. Qc2 h6 16. d5 cxd5 17. cxd5 Rc8 18. Qb3 Qe7 19. g3 Nd7 20. Qxb7 Rb8 21. Qxa7 Rxb2 22. Bc4 Rd8 23. Rab1 Qf6 24. Rxb2 Qxb2 25. Bd4 Qc2 26. Bb3 Qe2 27. Qa5 Rc8 28. Qe1 Qf3 29. Qe3 Qf5 30. Re1 Re8 31. g4 Qg6 32. Ba4 Re7 33. Bxd7 Rxd7 34. Qxe4 Re7 35. Qb1 h5 36. f3 hxg4 37. fxg4 Bh2+ 38. Kxh2 Qd6+ 39. Kg2 Qxd5+ 40. Kg3 Rxe1 41. Qxe1 Qxd4 42. Qe8+ Kh7 43. Qxf7 Qg1+ 44. Kh4 Qe1+ 45. Kg5 Qe3+ 46. Kf5 Qf2+ 47. Ke6 Qxa2+ 48. Ke7 1/2-1/2

[Event "DSOL 2022"]
[Site "Germany"]
[Date "2022.03.11"]
[Round "4.3"]
[White "Marquardt, Erik"]
[Black "Krumschmidt, Michael"]
[Result "0-1"]
[ECO "E61"]
[WhiteElo "1552"]
[BlackElo "1697"]
[Annotator "NA"]
[PlyCount "56"]
[EventDate "2022.01.31"]
[EventType "team-tourn"]
[EventCountry "GER"]
[SourceTitle "playchess.com"]
[Source "ChessBase"]
[SourceQuality "1"]
[WhiteTeam "SC Schleispringer Kappeln"]
[BlackTeam "Hamelner SV"]
[TimeControl "2700+15"]

1. d4 Nf6 2. c4 d6 3. Nc3 g6 4. h3 Bg7 5. Bf4 Nbd7 6. e3 O-O 7. Nf3 a6 8. Bd3 Qe8 9. d5 e5 10. dxe6 fxe6 11. O-O e5 12. Bg5 e4 13. Bxf6 Nxf6 14. Be2 exf3 15. Bxf3 c6 16. Qxd6 Bf5 17. Qb4 Rf7 18. Rfe1 Ne4 19. Ne2 Qf8 20. Qb6 Nd2 21. Nd4 Nxc4 22. Qb3 Nd2 23. Qd1 Nxf3+ 24. Nxf3 Re8 25. Ng5 Rfe7 26. Qb3+ Kh8 27. Rad1 h6 28. e4 hxg5 0-1

[Event "DSOL 2022"]
[Site "Germany"]
[Date "2022.03.11"]
[Round "4.4"]
[White "Misini, Burhanudin"]
[Black "Balov, Darko"]
[Result "1-0"]
[ECO "B12"]
[WhiteElo "1896"]
[BlackElo "1709"]
[Annotator "NA"]
[PlyCount "73"]
[EventDate "2022.01.31"]
[EventType "team-tourn"]
[EventCountry "GER"]
[SourceTitle "playchess.com"]
[Source "ChessBase"]
[SourceQuality "1"]
[WhiteTeam "SK Ludwigshafen"]
[BlackTeam "SK Zehlendorf I"]
[TimeControl "2700+15"]

1. e4 c6 2. d4 d5 3. e5 Bf5 4. h4 h5 5. a3 e6 6. Nf3 Nd7 7. c4 dxc4 8. Bxc4 Nb6 9. Be2 Ne7 10. Nc3 Ned5 11. O-O Be7 12. g3 Rc8 13. Ng5 g6 14. Nce4 Kf8 15. b4 a5 16. bxa5 Nd7 17. a6 b5 18. a4 b4 19. Bb2 Kg7 20. Rc1 Qb6 (20... Qa5 $14) 21. Bd3 Rhd8 (21... Bxg5 $11 22. a5 (22. hxg5 Bxe4 23. a5 Qxa5 $11) (22. Nxg5 Bxd3 23. Qxd3 Ra8 $11) 22... Bxc1 23. axb6 Bxb2) 22. Qe2 Qa5 23. Kh2 (23. f3 $16) 23... c5 (23... N7b6 $11) 24. dxc5 Bxg5 (24... Nxc5 $16 25. Nxc5 Rxc5) 25. Nxg5 ({Stronger than} 25. hxg5 Bxe4 26. Bxe4 (26. Qxe4 Nxc5 27. Qf3 Nxd3 $17) 26... Nxc5 $14) 25... Bxd3 26. Qxd3 Nxc5 27. Qb5 Qxb5 28. axb5 Nd3 29. Rxc8 Rxc8 30. Bd4 b3 31. b6 b2 32. b7 Rc1 {[#]} 33. b8=Q $1 Rxf1 34. a7 b1=Q 35. Qxb1 Rxb1 36. a8=Q Rb4 37. Qa7 1-0

[Event "DSOL 2022"]
[Site "Germany"]
[Date "2022.03.11"]
[Round "4.4"]
[White "Loef, Dirk"]
[Black "Zinke, Mirko"]
[Result "1-0"]
[ECO "A45"]
[WhiteElo "1761"]
[BlackElo "1620"]
[Annotator "NA RC"]
[PlyCount "153"]
[EventDate "2022.01.31"]
[EventType "team-tourn"]
[EventCountry "GER"]
[SourceTitle "playchess.com"]
[Source "ChessBase"]
[SourceQuality "1"]
[WhiteTeam "SF Heidesheim I"]
[BlackTeam "SG Leipzig"]
[TimeControl "2700+15"]

1. d4 Nf6 2. Nc3 g6 3. Bg5 Bg7 4. Qd2 d6 5. Bh6 O-O 6. O-O-O Nbd7 7. Nf3 c5 8. h4 a6 9. Bxg7 Kxg7 10. h5 Rh8 11. e4 Qc7 12. h6+ Kf8 13. dxc5 Qxc5 14. Bd3 b5 15. Qf4 Ne5 16. Nd5 Nxd5 17. exd5 Nxd3+ 18. Rxd3 Bf5 19. Ng5 Ke8 20. Rd2 f6 21. Ne4 Bxe4 22. Qxe4 Rc8 23. Re1 Rc7 24. Qe6 Rf8 25. Re3 a5 26. Rc3 Qb6 27. Re2 Rf7 28. Qe3 Qxe3+ 29. Rexe3 Rxc3 30. Rxc3 Kd7 31. Ra3 Kc7 32. Rxa5 Kb6 33. Ra8 f5 34. Rg8 f4 35. Rg7 Rf5 36. Rxh7 Rxd5 37. Rxe7 Rh5 38. h7 Kc5 39. Kd2 d5 40. Ke2 g5 41. Kf3 Kd6 42. Rg7 Rh4 43. Rg6+ Ke5 44. Rxg5+ Kf6 45. Rxd5 Rxh7 46. Rxb5 Rc7 47. c3 Ra7 48. a3 Rd7 49. Kxf4 Rd2 50. Kg3 Ke6 51. c4 Rc2 52. a4 Kd6 53. b3 Kc6 54. f3 Rc1 55. Kf4 Rg1 56. g4 Rd1 57. g5 Rg1 58. Kf5 Kd6 59. f4 Rf1 60. g6 Ke7 61. Rb7+ Kf8 62. Kg5 Rg1+ 63. Kf6 Ke8 64. Rb8+ Kd7 65. g7 Rxg7 66. Kxg7 Kc7 67. Rb5 Kd8 68. f5 Ke7 69. a5 Kd7 70. f6 Kc7 71. a6 Kc6 72. f7 Kd7 73. a7 Kc7 74. a8=Q Kd7 75. Qd5+ Kc7 76. f8=N Kc8 77. Qd7# 1-0

[Event "DSOL 2022"]
[Site "Germany"]
[Date "2022.03.11"]
[Round "4.4"]
[White "Farokhi, Darian"]
[Black "Schoeneberg, Manfred"]
[Result "0-1"]
[ECO "B48"]
[WhiteElo "1705"]
[BlackElo "1659"]
[Annotator "NA RC"]
[PlyCount "72"]
[EventDate "2022.01.31"]
[EventType "team-tourn"]
[EventCountry "GER"]
[SourceTitle "playchess.com"]
[Source "ChessBase"]
[SourceQuality "1"]
[WhiteTeam "Doppelbauer Kiel I"]
[BlackTeam "TSG Taucha I"]
[TimeControl "2700+15"]

1. e4 c5 2. Nf3 e6 3. d4 cxd4 4. Nxd4 a6 5. a4 Nf6 6. Nc3 Qc7 7. Bd3 Nc6 8. Be3 Nxd4 9. Bxd4 Bd6 10. Qe2 Be5 11. Bxe5 Qxe5 12. O-O d6 13. f4 Qc5+ 14. Qf2 Qxf2+ 15. Rxf2 Bd7 16. Raf1 Bc6 17. e5 Ng4 18. Re2 dxe5 19. fxe5 h5 20. h3 Nh6 21. Rd2 O-O-O 22. b4 Kb8 23. b5 axb5 24. axb5 Bd5 25. Nxd5 Rxd5 26. Rfd1 Rhd8 27. Kf2 b6 28. Re2 Rxb5 29. c4 Rb3 30. Re3 Rb2+ 31. Kf1 Nf5 32. Rf3 h4 33. Rf2 Ne3+ 34. Ke1 Nxd1 35. Rf3 Rb3 36. Kd2 Nb2 0-1

[Event "DSOL 2022"]
[Site "Germany"]
[Date "2022.03.11"]
[Round "4.4"]
[White "Schwedek, Tony"]
[Black "Erler, Rainer"]
[Result "1-0"]
[ECO "C45"]
[WhiteElo "1652"]
[BlackElo "2054"]
[Annotator "ChessBase"]
[PlyCount "109"]
[EventDate "2022.01.31"]
[EventType "team-tourn"]
[EventCountry "GER"]
[SourceTitle "playchess.com"]
[Source "ChessBase"]
[SourceQuality "1"]
[WhiteTeam "SC Zitadelle Spandau"]
[BlackTeam "SK Dessau I"]
[TimeControl "2700+15"]

1. e4 e5 2. Nf3 Nc6 3. d4 exd4 4. Nxd4 Nf6 5. Nxc6 bxc6 6. e5 Qe7 7. Qe2 Nd5 8. c4 Ba6 9. Nd2 g6 10. Qe4 f5 11. exf6 Nxf6 12. Qxe7+ Bxe7 13. b3 O-O 14. Bb2 Bc5 15. f3 Rae8+ 16. Kd1 d5 17. Rc1 Bd6 18. g3 Bc8 19. Bd3 Nd7 20. cxd5 cxd5 21. Bb5 Re7 22. Bc6 Nb6 23. Re1 Rxe1+ 24. Kxe1 Bb4 25. f4 Rf7 26. Kd1 Bg4+ 27. Kc2 Bf5+ 28. Kd1 Re7 29. Bb5 Bg4+ 30. Kc2 Be2 31. Bd3 Re3 32. Bxe2 Rxe2 33. Bc3 Ba3 34. Rh1 c5 35. Kd3 Rg2 36. Be5 Bb4 37. Bc3 Bxc3 38. Kxc3 Kf7 39. a4 a5 40. Nf3 d4+ 41. Kd3 Rb2 42. Nd2 Nd5 43. Nc4 Rxb3+ 44. Ke4 Nc3+ 45. Ke5 Nxa4 46. Nxa5 Re3+ 47. Kd5 d3 48. Nc4 Re2 49. Ne5+ Rxe5+ 50. fxe5 d2 51. Kd6 Nc3 52. Kd7 d1=Q+ 53. Rxd1 Nxd1 54. e6+ Kg7 55. e7 1-0

[Event "DSOL 2022"]
[Site "Germany"]
[Date "2022.03.11"]
[Round "4.4"]
[White "Hasic, Mirza"]
[Black "Van Hasselt, Frank"]
[Result "0-1"]
[ECO "D36"]
[WhiteElo "1620"]
[BlackElo "1612"]
[Annotator "NA"]
[PlyCount "118"]
[EventDate "2022.01.31"]
[EventType "team-tourn"]
[EventCountry "GER"]
[SourceTitle "playchess.com"]
[Source "ChessBase"]
[SourceQuality "1"]
[WhiteTeam "SK Zehlendorf II"]
[BlackTeam "SF Berlin I"]
[TimeControl "2700+15"]

1. d4 d5 2. c4 e6 3. Nc3 Nf6 4. cxd5 exd5 5. Bg5 c6 6. Qc2 Be7 7. e3 Nbd7 8. Bd3 h6 9. Bh4 Nh5 10. Bxe7 Qxe7 11. Nge2 Nb6 12. a3 a5 13. b3 Bd7 14. Bf5 Bxf5 15. Qxf5 Nf6 16. O-O O-O 17. Nf4 a4 18. b4 Nc4 19. Rfe1 Rfe8 20. Qc2 b5 21. Nd3 Qe6 22. Nf4 Qg4 23. Qd1 Qf5 24. Nce2 Ne4 25. Ng3 Nxg3 26. hxg3 Re4 27. Nd3 Rae8 28. Nc5 R4e7 29. Qf3 Qxf3 30. gxf3 f5 31. Kg2 g5 32. Nd3 Kg7 33. Rec1 Re6 34. Nc5 Rf6 35. Nd3 Kf7 36. Ra2 Ke6 37. Rh1 Kd6 38. Rc1 Rg8 39. f4 h5 40. Rh1 Rh6 41. fxg5 Rxg5 42. Rh4 Rg4 43. Rh3 h4 44. Nf4 Rh8 45. Kf3 Kd7 46. Ng2 Ke6 47. Rxh4 Rgxh4 48. Nxh4 Kf6 49. Ng2 Rh1 50. Nf4 Rb1 51. Nd3 Rb3 52. Ne5 Rxa3 53. Rxa3 Nxa3 54. Nxc6 Nc2 55. Na5 Nxb4 56. Ke2 a3 57. Kd2 Kg5 58. f3 Nc6 59. Kd3 Nxa5 0-1

[Event "DSOL 2022"]
[Site "Germany"]
[Date "2022.03.11"]
[Round "4.4"]
[White "Knott, Karl-Heinz"]
[Black "Koellner, Ruben Gideon"]
[Result "0-1"]
[ECO "B07"]
[WhiteElo "1620"]
[BlackElo "1707"]
[Annotator "NA"]
[PlyCount "100"]
[EventDate "2022.01.31"]
[EventType "team-tourn"]
[EventCountry "GER"]
[SourceTitle "playchess.com"]
[Source "ChessBase"]
[SourceQuality "1"]
[WhiteTeam "SF Essen-Katernberg"]
[BlackTeam "Deizisau I"]
[TimeControl "2700+15"]

1. e4 d6 2. d4 Nf6 3. Nc3 e5 4. dxe5 dxe5 5. Qxd8+ Kxd8 6. Bg5 Be6 7. O-O-O+ Nbd7 8. Bb5 c6 9. Ba4 Kc7 10. f3 h6 11. Be3 Bc5 12. Bxc5 Nxc5 13. Bb3 Nxb3+ 14. axb3 b5 15. Nge2 a5 16. Kd2 a4 17. bxa4 b4 18. Nb1 Rxa4 19. Nc1 Ra1 20. Nb3 Ra2 21. Kc1 Nd7 22. N3d2 c5 23. b3 Nb6 24. h4 Rha8 25. Rhg1 Ra1 26. h5 R8a2 27. g4 f6 28. Rge1 c4 29. bxc4 Bxc4 30. Nb3 Bxb3 31. cxb3 Rf2 32. Rf1 Rg2 33. Rg1 Re2 34. Rge1 Rea2 35. Rd2 Rxb1+ 36. Kxb1 Rxd2 37. Rc1+ Kb7 38. Rf1 Nd7 39. Rc1 Kb6 40. Rc8 Nc5 41. Rg8 Nxb3 42. Rxg7 Kb5 43. Rg6 Kc4 44. Rxf6 Na5 45. Rf8 Kc3 46. Rc8+ Nc4 47. Kc1 Rd4 48. g5 b3 49. g6 b2+ 50. Kb1 Rd1+ 0-1

[Event "DSOL 2022"]
[Site "Germany"]
[Date "2022.03.11"]
[Round "4.4"]
[White "Retzlaff, Wolfgang"]
[Black "Marquardt, Max"]
[Result "0-1"]
[ECO "A22"]
[WhiteElo "1613"]
[BlackElo "1519"]
[Annotator "NA RC"]
[PlyCount "96"]
[EventDate "2022.01.31"]
[EventType "team-tourn"]
[EventCountry "GER"]
[SourceTitle "playchess.com"]
[Source "ChessBase"]
[SourceQuality "1"]
[WhiteTeam "Hamelner SV"]
[BlackTeam "SC Schleispringer Kappeln"]
[TimeControl "2700+15"]

1. c4 e5 2. Nc3 Nf6 3. g3 Bb4 4. Bg2 Bxc3 5. bxc3 O-O 6. e3 d6 7. Ne2 Be6 8. Bxb7 Nbd7 9. d3 Rb8 10. Bg2 Nc5 11. Ba3 e4 12. Bxc5 dxc5 13. d4 cxd4 14. exd4 Bxc4 15. O-O Re8 16. Re1 Qd7 17. Qd2 h6 18. Reb1 Bd3 19. Rb3 Qg4 20. Nc1 Bc4 21. Rbb1 Qe6 22. Nb3 e3 23. fxe3 Qxe3+ 24. Kh1 Bxb3 25. Qxe3 Rxe3 26. axb3 Rxc3 27. b4 Rc4 28. b5 Rxd4 29. Rxa7 Rc4 30. Bf1 Rc5 31. Rba1 Ng4 32. Be2 Ne3 33. Bd3 g6 34. Kg1 Rc3 35. Be2 Rc2 36. R1a2 Rc1+ 37. Kf2 Nd5 38. Ra1 Rc5 39. Ra8 Rxa8 40. Rxa8+ Kg7 41. Bd3 Nb4 42. Be2 Rf5+ 43. Ke3 Nd5+ 44. Kd4 Kf6 45. Ra6+ Kg7 46. Kc5 Nc3+ 47. Kc6 Nxe2 48. Kxc7 Rxb5 0-1

[Event "DSOL 2022"]
[Site "Germany"]
[Date "2022.03.11"]
[Round "4.4"]
[White "Bischoff, Anton"]
[Black "Brewig, Becky"]
[Result "1/2-1/2"]
[ECO "B21"]
[WhiteElo "1572"]
[BlackElo "1620"]
[Annotator "NA RC"]
[PlyCount "85"]
[EventDate "2022.01.31"]
[EventType "team-tourn"]
[EventCountry "GER"]
[SourceTitle "playchess.com"]
[Source "ChessBase"]
[SourceQuality "1"]
[WhiteTeam "Kieler SG II"]
[BlackTeam "Chemnitzer SC Aufbau"]
[TimeControl "2700+15"]

1. e4 c5 2. Nf3 Nc6 3. d4 cxd4 4. c3 dxc3 5. Nxc3 e6 6. Bc4 a6 7. O-O Bb4 8. Qe2 Nge7 9. Rd1 O-O 10. Bg5 b5 11. Bb3 Qc7 12. Rac1 Bb7 13. Nd5 Nxd5 14. exd5 exd5 15. Bc2 Rfe8 16. Qd3 g6 17. Bb3 Bf8 18. Qxd5 d6 19. Nd4 Nxd4 20. Rxc7 Bxd5 21. Bxd5 Ne6 22. Bxe6 Rxe6 23. h3 Bg7 24. b3 h6 25. Be3 Kf8 26. Rd7 Be5 27. Rc1 Re7 28. Bxh6+ Ke8 29. Rxe7+ Kxe7 30. g4 Ke6 31. Kf1 Rh8 32. Be3 Rxh3 33. Rc6 a5 34. Rb6 b4 35. Ra6 Rh1+ 36. Ke2 Ra1 37. Rxa5 f5 38. gxf5+ gxf5 39. Bd2 Bc3 40. Bf4 Be5 41. Bd2 Bc3 42. Bf4 Be5 43. Bd2 1/2-1/2

[Event "DSOL 2022"]
[Site "Germany"]
[Date "2022.03.18"]
[Round "5.1"]
[White "Lehmann, Holger"]
[Black "Dabo-Peranic, Robert"]
[Result "1/2-1/2"]
[ECO "D32"]
[WhiteElo "1930"]
[BlackElo "1930"]
[Annotator "ChessBase"]
[PlyCount "104"]
[EventDate "2022.01.31"]
[EventType "team-tourn"]
[EventCountry "GER"]
[SourceTitle "playchess.com"]
[Source "ChessBase"]
[SourceQuality "1"]
[WhiteTeam "SV Hellern I"]
[BlackTeam "SF Deizisau II"]
[TimeControl "2700+15"]

1. d4 d5 2. c4 e6 3. cxd5 exd5 4. Nc3 c5 5. Nf3 Nc6 6. dxc5 d4 7. Na4 Bxc5 8. Nxc5 Qa5+ 9. Bd2 Qxc5 10. Rc1 Qb6 11. e3 Nf6 12. Bc4 dxe3 13. Bxe3 Qb4+ 14. Kf1 Be6 15. Qe2 Bxc4 16. Rxc4 Qe7 17. Bc5 Qxe2+ 18. Kxe2 Rd8 19. Rhc1 Rd5 20. b4 a6 21. a4 Kd7 22. Be3 Re8 23. Ne1 Nd4+ 24. Kf1 Nc6 25. R1c3 Re4 26. Ke2 Nd4+ 27. Kf1 Nc6 28. h3 g6 29. Rc1 h5 30. Nf3 Rxc4 31. Rxc4 b5 32. axb5 axb5 33. Rf4 Ke6 34. h4 Nh7 35. g3 f5 36. Bc5 Nf6 37. Ng5+ Ke5 38. Rf3 Ne4 39. Nxe4 fxe4 40. Ra3 Rd1+ 41. Kg2 Rb1 42. Ra6 Nxb4 43. Rxg6 Nd3 44. Rg5+ Ke6 45. Rxh5 b4 46. Bd4 Ne1+ 47. Kh3 Nf3 48. Bh8 Rf1 49. Kg2 Rg1+ 50. Kh3 Rf1 51. Kg2 Rg1+ 52. Kh3 Rf1 1/2-1/2

[Event "DSOL 2022"]
[Site "Germany"]
[Date "2022.03.18"]
[Round "5.1"]
[White "Nguyen, Alex Dac-Vuong"]
[Black "Marcziter, Dmitrii"]
[Result "1/2-1/2"]
[ECO "B41"]
[WhiteElo "1869"]
[BlackElo "1869"]
[Annotator "NA"]
[PlyCount "61"]
[EventDate "2022.01.31"]
[EventType "team-tourn"]
[EventCountry "GER"]
[SourceTitle "playchess.com"]
[Source "ChessBase"]
[SourceQuality "1"]
[WhiteTeam "SG Leipzig"]
[BlackTeam "SG Porz I"]
[TimeControl "2700+15"]

1. e4 c5 2. Nf3 a6 3. c4 e6 4. d4 cxd4 5. Nxd4 Nf6 6. Nc3 Qc7 7. a3 b6 8. Be3 Bb7 9. f3 Nc6 10. b4 Ne5 11. Rc1 Ng6 12. Qd2 Be7 13. Be2 O-O 14. Na4 Rfb8 15. c5 bxc5 16. Nxc5 Qd8 17. Nxb7 Rxb7 18. O-O a5 19. bxa5 Rxa5 20. Rc8 Qxc8 21. Qxa5 Qb8 22. Rc1 Bd6 23. g3 h5 24. Qc3 Rc7 25. Qb3 Rb7 26. Qc3 Kh7 27. a4 Rc7 28. Qb3 Rb7 29. Qc3 Rc7 30. Qb3 Rb7 31. Qc3 1/2-1/2

[Event "DSOL 2022"]
[Site "Germany"]
[Date "2022.03.18"]
[Round "5.1"]
[White "Holtel, Jasper"]
[Black "Meyer, Armin"]
[Result "0-1"]
[ECO "A12"]
[WhiteElo "1812"]
[BlackElo "2022"]
[Annotator "ChessBase"]
[PlyCount "36"]
[EventDate "2022.01.31"]
[EventType "team-tourn"]
[EventCountry "GER"]
[SourceTitle "playchess.com"]
[Source "ChessBase"]
[SourceQuality "1"]
[WhiteTeam "Münster"]
[BlackTeam "Essen"]
[TimeControl "2700+15"]

1. b3 d5 2. Bb2 c6 3. e3 Nf6 4. Nf3 Bg4 5. Be2 Nbd7 6. c4 e6 7. O-O Bd6 8. d3 Qe7 9. a3 O-O 10. Nbd2 e5 11. e4 dxe4 12. dxe4 Nc5 13. Qc2 Ne6 14. h3 Nf4 15. Rfe1 Bxh3 16. gxh3 Nxh3+ 17. Kf1 Ng4 18. Ng1 Qh4 0-1

[Event "DSOL 2022"]
[Site "Germany"]
[Date "2022.03.18"]
[Round "5.1"]
[White "Urban, Konstantin"]
[Black "Siegismund, Annelen"]
[Result "1-0"]
[ECO "B42"]
[WhiteElo "1804"]
[BlackElo "1620"]
[Annotator "NA"]
[PlyCount "43"]
[EventDate "2022.01.31"]
[EventType "team-tourn"]
[EventCountry "GER"]
[SourceTitle "playchess.com"]
[Source "ChessBase"]
[SourceQuality "1"]
[WhiteTeam "SK Heidenau I"]
[BlackTeam "SF Heidesheim I"]
[TimeControl "2700+15"]

1. e4 c5 2. Nf3 e6 3. d4 cxd4 4. Nxd4 a6 5. Bd3 Bc5 6. Nb3 Be7 7. O-O Nc6 8. c4 Nf6 9. Nc3 O-O 10. f4 d6 11. Qe2 b6 12. Bd2 Bb7 13. Rf3 Nb4 14. Bb1 a5 15. Rh3 g6 16. e5 dxe5 17. fxe5 Nd7 18. Qe3 Re8 19. Qh6 Nf8 20. Be4 Qb8 21. Rf1 Bxe4 22. Nxe4 1-0